 Dungeon Crawl Stone Soup version 0.27.0-1-g7a089689b8 (webtiles) character file.

Game seed: 13576412711972943283

12672 fram the Magus (level 11, 0/95 HPs)
             Began as a Hill Orc Artificer on Aug 14, 2021.
             Was an Elder of Nemelex Xobeh.
             Slain by a flying skull (5 damage)
             ... while paralysed by accursed screaming
             ... on level 1 of the Abyss.
             The game lasted 00:48:56 (16942 turns).

fram the Magus (Hill Orc Artificer)                Turns: 16942, Time: 00:48:56

Health: 0/95       AC: 10    Str: 18      XL:     11   Next: 97%
Magic:  7/17       EV:  2    Int: 11 (14) God:    Nemelex Xobeh [****..]
Gold:   319        SH:  0    Dex:  8      Spells: 8/10 levels left

rFire    . . .     SeeInvis .   E - +5 rapier (venom)
rCold    . . .     Faith    +   c - +0 buckler
rNeg     . . .     Spirit   .   Y - +0 troll leather armour
rPois    .         Reflect  .   Q - +2 helmet {Int+3}
rElec    .         Harm     .   D - +1 cloak
rCorr    .         Rampage  .   (no gloves)
Will     .....                  (no boots)
Stlth    ++........             t - amulet of faith
HPRegen  1.25/turn              B - +4 ring of evasion
MPRegen  0.15/turn              z - +4 ring of evasion

@: paralysed, mighty, unable to read, hasted
A: [clumsy 2], [deterioration 2], [inability to read while threatened]
a: Renounce Religion, Draw Escape, Draw Destruction, Draw Summoning, Triple
Draw, Deal Four


You were on level 1 of the Abyss.
You worshipped Nemelex Xobeh.
Nemelex Xobeh was greatly pleased with you.
You visited 2 branches of the dungeon, and saw 14 of its levels.
You visited the Abyss 1 time.
You also visited: Gauntlet.

You collected 575 gold pieces.
You spent 256 gold pieces at shops.

Inventory:

Hand Weapons
 a - a +1 vampiric rapier
 q - a +1 dagger of venom
 r - a +6 dagger
 x - a +1 flail of draining
 E - a +5 rapier of venom (weapon)
 I - a +2 vampiric spear
 L - a +0 broad axe
Missiles
 C - a throwing net
 F - 15 poisoned darts (quivered)
Armour
 c - a +0 buckler (worn)
 D - a +1 cloak (worn)
 O - +0 acid dragon scales
 Q - a +2 helmet of intelligence (worn)
 Y - a +0 troll leather armour (worn)
Magical Staves
 G - a staff of air
Jewellery
 t - an amulet of faith (around neck)
 z - a +4 ring of evasion (right hand)
 B - a +4 ring of evasion (left hand)
 U - a +4 ring of protection
 W - a +6 ring of intelligence
 X - a ring of protection from fire
Wands
 d - a wand of charming (12)
 y - a wand of digging (12)
 R - a wand of flame (10)
Scrolls
 f - 6 scrolls of vulnerability
 j - a scroll of enchant weapon
 l - 3 scrolls of enchant armour
 H - a scroll of magic mapping
 J - a scroll of fog
 K - 2 scrolls of noise
 M - 2 scrolls of amnesia
Potions
 m - 3 potions of brilliance
 n - a potion of might
 p - a potion of lignification
 u - 4 potions of cancellation
 v - 4 potions of mutation
 w - 3 potions of ambrosia
 A - 2 potions of flight
 N - 2 potions of attraction
Miscellaneous
 e - a piece from Xom's chessboard (15/15)


   Skills:
 - Level 8.7 Fighting
 - Level 4.1 Short Blades
 + Level 3.2 Throwing
 + Level 7.3 Armour
 - Level 6.3 Dodging
 + Level 4.9 Stealth
 - Level 5.0 Shields
 * Level 9.2 Invocations
 * Level 9.0 Evocations


You had 8 spell levels left.
You knew the following spells:

 Your Spells              Type           Power      Damage    Failure   Level
a - Passwall              Tmut/Erth      0%         N/A       52%         2

Your spell library contained the following spells:

 Spells                   Type           Power      Damage    Failure   Level
 Stone Arrow              Conj/Erth      0%         3d7       77%         3
 Swiftness                Air            0%         N/A       77%         3
 Animate Armour           Summ/Erth      0%         N/A       99%         4
 Conjure Ball Lightning   Conj/Air       0%         3x3d6     100%        6
 Invisibility             Hex            0%         N/A       100%        6
 Discord                  Hex            0%         N/A       100%        8
 Disjunction              Tloc           0%         N/A       100%        8
 Lehudib's Crystal Spear  Conj/Erth      0%         10d2      100%        8


Dungeon Overview and Level Annotations

Branches:
Dungeon (13/15)            Temple (1/1) D:5            Lair (0/6) D:10
    Orc (0/2) D:9         Gauntlet (visited)
 Vaults: D:13-14

Altars:
Ashenzari
Cheibriados
Dithmenos
Elyvilon
Fedhas
Gozag
Hepliaklqana
Kikubaaqudgha
Makhleb
Nemelex Xobeh
Okawaru
Qazlal
Ru
Sif Muna
Trog
Uskayaw
Vehumet
Wu Jian
Yredelemnul
Zin
The Shining One

Shops:
D:5 =   D:10 !

Portals:
Trove: D:12 (give 13 potions of heal wounds)

Annotations:
D:4 3 runed translucent doors, exclusion: 3 doors, Zigma's ghost, amateur DrMo
D:5 3 runed translucent doors, exclusions: water moccasin and 1 more exclusion, Fv001's ghost, amateur DsFi
D:9 exclusion: vampire, Gastronok
D:13 Erolcha


Innate Abilities, Weirdness & Mutations

[You are very clumsy. (Dex -4)]
[Your body often deteriorates upon taking damage.]
[You sometimes lose the ability to read scrolls when taking damage.]


Message History

Your Evocations skill increases to level 9!
You can't go down here!
There's fewer than three cards, still triple draw?
You draw... (choose one card, ? for their descriptions)
a - the Dance
b - the Illusion You have drawn the Dance.
The flying skull barely misses you. The small abomination hits you.
* * * LOW HITPOINT WARNING * * *
The flying skull is lost in a daze.
The neqoxec gestures at you.
You feel dopey. Something feeds on your intellect!
The crimson imp blinks!
The small abomination closely misses you.
The starcursed mass completely misses you.
You feel better.
The flying skull is lost in a daze.
The flying skull closely misses you.
Something closely misses your -1 trident.
The small abomination is lost in a daze.
The small abomination completely misses you.
A smoke demon comes into view.
Unknown command.
You hit the starcursed mass but do no damage.
The starcursed mass is heavily damaged.
The flying skull completely misses you.
A starcursed mass splits.
A deafening chorus of shrieks assaults your mind!
* * * LOW HITPOINT WARNING * * *
You suddenly lose the ability to move!
The flying skull is lost in a daze.
The starcursed mass touches you.
* * * LOW HITPOINT WARNING * * *
Your -1 trident hits the starcursed mass.
The small abomination hits you but does no damage.
The small abomination misses your -1 trident.
The crimson imp disappears in a puff of smoke!
The flying skull hits you but does no damage.
The small abomination hits you.
* * * LOW HITPOINT WARNING * * *
The flying skull hits you.
You die...
Your body glows with a rainbow of weird colours and disappears.

# . .#.
.#..## #.#
.#.... #.
#.#.# ..##
.. .. ...
#...#..#.
#.# ##. . .
...#.###..
.... . #
555..§....
. # # #
##355..## .
.
#xxz§.#...
.. #
#.#@zX....#
.z# ..
#X#(#..## .
. ##


#XX x... .#| # #5.X....## # .3.#..... .#..####. .. .. .. #.# You could see 5
starcursed masses, a smoke demon, a neqoxec (misshapen), 3 small abominations, 2
flying skulls, a quasit (summoned, misshapen), a shadow imp (summoned,
misshapen), 4 ufetubi and a friendly -1 trident (summoned).

Vanquished Creatures
  4 two-headed ogres
  2 manticores
  A cyclops (D:12)
  A centaur zombie (D:10)
  3 unseen horrors
  A komodo dragon (D:11)
  3 trolls
  A wolf (D:9)
  2 centaurs
  A raiju (Abyss:1)
  A flying skull (Abyss:1)
  A wraith (D:12)
  2 wyverns (D:9)
  A fire bat (Abyss:1)
  3 yaks (D:10)
  7 vampire mosquitoes (D:11)
  A warg (D:10)
  3 acid dragons
  A water moccasin (D:8)
  3 orc warriors
  2 ice beasts (D:5)
  A black bear (D:7)
  2 ogres
  A phantom (D:3)
  2 kobold brigands (D:7)
  3 bullfrogs
  3 scorpions
  26 killer bees
  5 howler monkeys
  3 wights
  3 starcursed masses (Abyss:1)
  2 hounds
  5 orc priests
  2 bullfrog skeletons
  A jelly (D:8)
  A centaur skeleton (D:6)
  2 iguanas
  4 orc wizards
  A hound zombie (D:5)
  3 adders
  7 gnolls
  A howler monkey skeleton (D:5)
  3 white imps
  2 worms (D:2)
  A dart slug (D:2)
  20 orcs
  7 endoplasms
  3 giant cockroaches
  4 goblins
  7 hobgoblins
  6 jackals
  20 kobolds
  3 quokkas
  5 ball pythons
  10 bats
  5 frilled lizards
  12 rats
230 creatures vanquished.

Vanquished Creatures (collateral kills)
  2 vampire mosquitoes (D:11)
  A wolf (D:9)
  A centaur (D:11)
  A wight (D:6)
  An adder (D:3)
  2 orcs (D:11)
  A ball python (D:3)
9 creatures vanquished.

Vanquished Creatures (others)
  Grum (D:9)
  A vampire mosquito (D:11)
  A water moccasin (D:6)
  3 centaurs (D:11)
  A wolf (D:9)
  A wight (D:6)
  An endoplasm (D:4)
  2 demonic plants (D:1)
  7 fungi
  7 plants
  4 withered plants (D:1)
29 creatures vanquished.

Grand Total: 268 creatures vanquished

Notes
Turn   | Place    | Note
-------+----------+-------------------------------------------
     0 | D:1      | fram the Hill Orc Artificer began the quest for the Orb.
     0 | D:1      | Reached XP level 1. HP: 16/16 MP: 1/1
   164 | D:1      | Reached skill level 1 in Dodging
   300 | D:1      | Reached XP level 2. HP: 23/23 MP: 2/2
   759 | D:1      | Found a faded altar of an unknown god.
   912 | D:1      | Reached XP level 3. HP: 26/29 MP: 3/3
  1614 | D:2      | Reached skill level 1 in Stealth
  2055 | D:2      | Reached XP level 4. HP: 31/36 MP: 4/4
  2186 | D:1      | HP: 1/36 [gnoll (3)]
  3146 | D:3      | Noticed a phantom
  3343 | D:3      | Killed a phantom
  3344 | D:3      | Reached XP level 5. HP: 21/44 MP: 5/5
  4166 | D:3      | Found a shimmering blue altar of Sif Muna.
  4218 | D:3      | Found a hazy altar of Hepliaklqana.
  4218 | D:3      | Found an opulent altar of Gozag.
  4231 | D:3      | Found a glowing silver altar of Zin.
  4234 | D:3      | Found an ancient bone altar of Kikubaaqudgha.
  4455 | D:4      | Noticed an ogre
  4707 | D:4      | Found a runed translucent gate.
  4708 | D:4      | Found a runed translucent gate.
  4708 | D:4      | Noticed a kobold brigand
  4710 | D:4      | Noticed Zigma's ghost (amateur DrMo)
  4711 | D:4      | Found a runed translucent gate.
  4751 | D:4      | Reached XP level 6. HP: 45/51 MP: 6/6
  4857 | D:4      | Found a sacrificial altar of Ru.
  5295 | D:5      | Entered Level 5 of the Dungeon
  5314 | D:5      | Found a runed translucent gate.
  5314 | D:5      | Found a runed translucent gate.
  5314 | D:5      | Found a runed translucent gate.
  5319 | D:5      | Noticed an ice beast
  5327 | D:5      | Killed an ice beast
  5328 | D:5      | Reached skill level 1 in Short Blades
  5527 | D:4      | Reached XP level 7. HP: 43/58 MP: 7/7
  6185 | D:5      | Noticed Fv001's ghost (amateur DsFi)
  6366 | D:5      | Found a staircase to the Ecumenical Temple.
  6381 | Temple   | Entered the Ecumenical Temple
  6450 | Temple   | Became a worshipper of Nemelex Xobeh the Trickster
  6770 | D:5      | Found Gimaleth's Jewellery Shop.
  7019 | D:6      | Reached XP level 8. HP: 57/67 MP: 8/8
  7333 | D:5      | Reached skill level 5 in Fighting
  7760 | D:6      | Reached skill level 1 in Invocations
  7866 | D:7      | Reached skill level 5 in Evocations
  8230 | D:7      | Reached * piety under Nemelex Xobeh
  8237 | D:7      | Received a gift from Nemelex Xobeh
  8433 | D:7      | Reached skill level 5 in Armour
  8527 | D:7      | Reached XP level 9. HP: 63/75 MP: 11/11
  8830 | D:7      | Learned a level 2 spell: Passwall
  9618 | D:8      | Reached ** piety under Nemelex Xobeh
 10016 | D:9      | Noticed Grum
 10027 | D:9      | Your ally died
 10028 | D:9      | Reached skill level 1 in Throwing
 10386 | D:9      | Reached skill level 1 in Shields
 10452 | D:9      | Noticed Gastronok
 10462 | D:9      | Noticed Gastronok
 10462 | D:9      | Gastronok changed into Gastronok the titan
 10812 | D:9      | Found a staircase to the Orcish Mines.
 11361 | D:9      | Reached skill level 5 in Invocations
 11758 | D:9      | Noticed a two-headed ogre
 11786 | D:9      | Killed a two-headed ogre
 11787 | D:9      | Reached XP level 10. HP: 43/86 MP: 14/14
 12070 | D:9      | Noticed a two-headed ogre
 12086 | D:9      | Killed a two-headed ogre
 12087 | D:9      | Reached skill level 5 in Dodging
 12356 | D:10     | Entered Level 10 of the Dungeon
 12365 | D:10     | Found a staircase to the Lair.
 12366 | D:10     | Noticed a two-headed ogre
 12436 | D:10     | Found Ycuris's Distillery.
 12437 | D:10     | Killed a two-headed ogre
 12442 | D:10     | Bought a potion of heal wounds for 80 gold pieces
 12442 | D:10     | Bought a potion of curing for 48 gold pieces
 12442 | D:10     | Bought a potion of ambrosia for 128 gold pieces
 12674 | D:10     | Found a glowing golden altar of the Shining One.
 12716 | D:10     | Found an iron altar of Okawaru.
 12716 | D:10     | Found a basalt altar of Yredelemnul.
 13037 | D:10     | Noticed a two-headed ogre
 13062 | D:10     | Killed a two-headed ogre
 13063 | D:10     | Reached XP level 11. HP: 93/94 MP: 16/16
 13861 | D:11     | Reached *** piety under Nemelex Xobeh
 13861 | D:11     | Received a gift from Nemelex Xobeh
 15271 | D:11     | Noticed a manticore
 15293 | D:10     | Killed a manticore
 15929 | D:12     | Found a portal to a secret trove of treasure.
 16207 | D:12     | Found a gate leading to a gauntlet.
 16208 | D:12     | Noticed a manticore
 16217 | D:12     | Killed a manticore
 16222 | Gauntlet | Entered a Gauntlet
 16222 | Gauntlet | Found a transporter.
 16222 | Gauntlet | Found a transporter.
 16229 | Gauntlet | Reached **** piety under Nemelex Xobeh
 16229 | Gauntlet | Received a gift from Nemelex Xobeh
 16230 | Gauntlet | Found a transporter.
 16242 | Gauntlet | Found a transporter.
 16260 | Gauntlet | Found a transporter.
 16260 | Gauntlet | Found a transporter.
 16260 | Gauntlet | Found a transporter.
 16262 | Gauntlet | Found a transporter.
 16262 | Gauntlet | Found a transporter.
 16282 | Gauntlet | Found a transporter.
 16290 | Gauntlet | Found a transporter.
 16300 | Gauntlet | Found a transporter.
 16314 | Gauntlet | Found a transporter.
 16334 | Gauntlet | Found a transporter.
 16482 | D:12     | Noticed a cyclops
 16484 | D:12     | Killed a cyclops
 16485 | D:12     | Reached skill level 5 in Shields
 16731 | D:13     | Noticed Erolcha
 16747 | D:13     | Cast into level 1 of the Abyss (Erolcha)
 16769 | Abyss:1  | Received a gift from Nemelex Xobeh
 16796 | Abyss:1  | Noticed a wretched star
 16852 | Abyss:1  | Noticed a worldbinder
 16912 | Abyss:1  | Noticed a starcursed mass
 16925 | Abyss:1  | Paralysed by accursed screaming for 1 turns
 16941 | Abyss:1  | Paralysed by accursed screaming for 1 turns
 16941 | Abyss:1  | HP: 4/95 [starcursed mass (3)]
 16942 | Abyss:1  | Slain by a flying skull

Illustrated notes

Levels and vault maps discovered:
D:1:      dpeg_arrival_tiny_j, layout_loops_cross, shapermc_ecumenical_altar_gd
D:2:      layout_basic, hangedman_decor_diamond_cutter, minmay_surrounded
D:3:      layout_basic, minmay_overflow_temple_star_hex
D:4:      layout_loops_ring, nicolae_ru_the_path_less_chosen,
          gammafunk_ghost_nasty_kobolds
D:5:      layout_loops_ring, minmay_temple_entry_stoned_glass,
          gammafunk_ghost_icy, serial_shops, nicolae_diamond_shop,
          goddamned_bats
D:6:      layout_basic
D:7:      layout_loops_ring
D:8:      layout_basic
D:9:      layout_loops_corners, orc_0_dummy, nzn_life_drinkers, uniq_gastronok,
          uniq_grum
D:10:     layout_rooms, grunt_temple_overflow_open, erik_lair_orcish_takeover,
          serial_shops, kennysheep_mini, feat_on_display
D:11:     layout_stronghold, minmay_variable_closet
D:12:     layout_basic, gauntlet_entry_generic, nicolae_trove_entry_isolated
D:13:     layout_rooms, uniq_kirke, uniq_erolcha
Temple:   dshaligram_water_room_temple
Abyss:1:  base: D:6, evilmike_abyss_exit_15

Skill      XL: |  1  2  3  4  5  6  7  8  9 10 11 |
---------------+----------------------------------+-----
Dodging        | 1 2 3 4 5 6 |  6.3
Fighting       | 2 3 4 5 7 8 |  8.7
Stealth        | 1 2 3 4 |  4.9
Evocations     | 4 5 6 7 9 |  9.0
Armour         | 3 4 5 6 7 |  7.3
Short Blades   | 1 3 4 |  4.1
Invocations    | 3 5 7 9 |  9.2
Throwing       | 2 3 |  3.2
Shields        | 2 3 5 |  5.0

Action                   |  1- 3 |  4- 6 |  7- 9 | 10-12 || total
-------------------------+-------+-------+-------+-------++-------
Melee: Spear             |    68 |       |       |       ||    68
       Club              |     6 |       |       |       ||     6
       Dagger            |    30 |   117 |       |       ||   147
       Rapier            |       |    21 |   280 |   350 ||   651
Throw: Dart              |       |       |    18 |    11 ||    29
       Throwing net      |       |       |     1 |       ||     1
Invok: Draw Destruction  |       |       |     3 |    10 ||    13
       Draw Escape       |       |       |     2 |     6 ||     8
       Draw Summoning    |       |       |       |     3 ||     3
       Triple Draw       |       |       |       |     1 ||     1
       Deal Four         |       |       |       |     1 ||     1
Evoke: Wand              |     6 |    13 |    10 |    21 ||    50
       Piece from Xom's  |       |     1 |     3 |     2 ||     6
  Use: Scroll            |       |       |    17 |     7 ||    24
       Potion            |       |       |     4 |    13 ||    17
 Stab: Sleeping          |       |       |     1 |     3 ||     4
       Held in net/web   |       |       |     1 |       ||     1
       Petrified         |       |       |       |     1 ||     1
Armor: Leather armour    |    24 |    40 |    68 |    28 ||   160
       Skin              |       |       |     7 |    78 ||    85
       Acid dragon scale |       |       |       |    46 ||    46
       Troll leather arm |       |       |       |    42 ||    42
Dodge: Dodged            |    42 |    96 |   281 |   512 ||   931
Block: Buckler           |       |       |    33 |   135 ||   168
